Workbook

Sheet fonction santé
B2: 990 | C2: Charges communes (part patronale) | D2: 5567756000
C3: dont part patronale AMO | D3: ='CRM 2016'!D3 -> 2556742000
C4: autre charges communes | D4: =D2-D3 -> 3011014000
B5: 180 | C5: Affaires étrangères (frais médicaux) | D5: 789135248
B6: 210 | C6: Défense | D6: 831071086
C7: Total fichier 610_cr | D7: 86701744113
B8: 610 | C8: Ministères Santé et associés (déduction) | D8: =D7-D2-D5-D6 -> 79513781779
B9: 640 | C9: Ministère de la femme | D9: 2092294423
B10: 660 | C10: MASH hors non santé (déduction) | D10: =D14-D9-D13 -> 7827870828
C11: dont CANAM | D11: 24706151
C12: dont ANAM | D12: 1032363671
C13: dont CMSS | D13: 37883104000
C14: Total fichier 660_cr (2 min + EP) | D14: 47803269251
B16: Soit : | C16: Fonction santé (avec CMSS et autres…) | D16: =D7+D14 -> 134505013364
F18: en millions
D19: Part patronale AMO | F19: =G19/1000000 -> 2556.742 | G19: =D3 -> 2556742000 | H19: =G19/$G$30 -> 0.026174946
D20: CANAM | F20: =G20/1000000 -> 24.706151 | G20: =D11 -> 24706151 | H20: =G20/$G$30 -> 0.00025293212
D21: ANAM | F21: =G21/1000000 -> 1032.3637 | G21: =D12 -> 1032363671 | H21: =G21/$G$30 -> 0.010568944
D22: Gratuités | F22: =G22/1000000 -> 6896.6597 | G22: ='CRM 2016'!F3 -> 6896659665 | H22: =G22/$G$30 -> 0.070605362
D23: MSAH santé | F23: =G23/1000000 -> 7827.8708 | G23: =D10 -> 7827870828 | H23: =G23/$G$30 -> 0.080138745
D24: MPFFE | F24: =G24/1000000 -> 2092.2944 | G24: =D9 -> 2092294423 | H24: =G24/$G$30 -> 0.021420109
D25: Ministère de la Santé hors gratuité | F25: =G25/1000000 -> 72617.122 | G25: =D8-'CRM 2016'!F3 -> 72617122114 | H25: =G25/$G$30 -> 0.7434263
D26: Autres charges communes | F26: =G26/1000000 -> 3011.014 | G26: =D4 -> 3011014000 | H26: =G26/$G$30 -> 0.030825609
D27: Affaires étrangères | F27: =G27/1000000 -> 789.13525 | G27: =D5 -> 789135248 | H27: =G27/$G$30 -> 0.0080788646
D28: Défense | F28: =G28/1000000 -> 831.07109 | G28: =D6 -> 831071086 | H28: =G28/$G$30 -> 0.0085081877
C30: Soit | D30: Fonction santé d'après les deux fichiers et en enlevant la CMSS | G30: =SUM(G19:G28) -> 97678979186
C31: Et | D31: Fonction santé d'après le tableau envoyé par la DGB | G31: 98749555603 | H31: =(G31-G30)/G30 -> 0.010960152
B33: Budget total | C33: 1718148154000
B34: Fonction santé | C34: =G31 -> 98749555603
B35: % | C35: =C34/C33 -> 0.057474412
B36: Budget récurrent déduit | C36: =C37*C33 -> 1.8042252e+11
B37: % | C37: =C44 -> 0.10500987
B39: Selon doc programmation
B40: Dépenses totales 2016 | C40: 1850000000000
B41: Dépenses courantes 2016 | C41: 1013000000000
B42: Donc rapport | C42: =C41/C40 -> 0.54756757
B43: Or dépenses courantes / BEE | C43: 0.0575
B44: Donc secteur santé / dépenses courantes | C44: =C43/C42 -> 0.10500987

Sheet Gratuités 2016
A2: CE | B2: Désignation | C2: 2016
B3: SANTE | C3: Exécuté
A4: protection sociale santé | B4: Subvent. aux organismes publics (Prog. SIDA) | C4: 542952916
B5: Subvent. aux organismes publics (Prog. Palu) | C5: 1087257550
B6: Achat de vaccins | C6: 3374510288
B7: Subvention césarienne | C7: 1022743585
B8: Subvention Lutte contre Palu. malnutrit° promot° Hygiène | C8: 607307421
B9: Subvention femmes cancereuses | C9: 261887905
B10: SOLIDARITE
B11: Subvention (Mutuelle) | C11: 459773803
B12: Subvention aux organismes publics (prestat° RAMED) | C12: 848275000
B13: HCNLS
B14: Lutte contre les IST/SIDA | C14: 2280093569

Sheet CRM 2016
A1: SUBVENTIONS
A2: CMSS (non santé) | B2: ANAM | C2: CANAM | D2: Etat employeur | E2: Mutuelles | F2: Gratuités
A3: 37833104000 | B3: 1032388000 | C3: 39281000 | D3: 2556742000 | E3: 459773803 | F3: 6896659665
B4: =SUM(B3:F3) -> 10984844468
A5: Part sur la CRM | B5: =B3/$B$4 -> 0.093982942 | C5: =C3/$B$4 -> 0.0035759268 | D5: =D3/$B$4 -> 0.23275177 | E5: =E3/$B$4 -> 0.041855286 | F5: =F3/$B$4 -> 0.62783407
A6: part sur l'AM | B6: =B3/$B$7 -> 0.25252968 | C6: =C3/$B$7 -> 0.0096084208 | D6: =D3/$B$7 -> 0.62539785 | E6: =E3/$B$7 -> 0.11246405
B7: =SUM(B3:E3) -> 4088184803
B10: Fonction Santé | C10: ='fonction santé'!$C$34 -> 98749555603
B11: CRM sur fonction Santé | C11: =B4/C10 -> 0.11123943
B12: CRM sur budget Etat | C12: =B4/'fonction santé'!$C$33 -> 0.006393421
A15: ANAM (2016) | B15: Budget | C15: =B3 -> 1032388000
B16: Budget utilisé | C16: 706143830
B17: Prestations AM | C17: 196597920
A18: sur budget | B18: % | C18: =C17/C16 -> 0.27841059
A19: sur utilisé | B19: % | C19: =C17/C15 -> 0.19043026

Sheet assurés 2016
A1: 2016 | B1: Nombre | C1: % de la population
A2: Population du Mali | B2: 18343000
A3: Total assurés | B3: =SUM(B4:B6) -> 2186290.5 | C3: =SUM(C4:C6) -> 0.11918936
A4: Population RAMED | B4: 134875 | C4: =B4/B2 -> 0.0073529412
A5: Population mutualiste | B5: =C5*B2 -> 907978.5 | C5: 0.0495
A6: Population AMO | B6: 1143437 | C6: =B6/B2 -> 0.062336423
A7: Total non assurés | B7: =B2-B3 -> 16156710

Sheet historique part santé
A2: Historique de l'allocation budgétaire santé (en % du budget TOTAL)
B4: 2012 | C4: 2013 | D4: 2014 | E4: 2015 | F4: 2016
A5: Secteur santé / total budget (allocation) | B5: 5.78 | C5: 4.46 | D5: 5.72 | E5: 5.58 | F5: 5.23

Sheet CNS - web
A1: Countries | B1: Indicators | D1: 2014
D2: Value
A3: Mali | B3: Total Health Expenditure (THE) % Gross Domestic Product (GDP) | D3: 6.9901877
A4: Mali | B4: General Government Health Expenditure (GGHE) as % of Total Health Expenditure | D4: 27.973969
A5: Mali | B5: Private Health Expenditure (PvtHE) as % of Total Health Expenditure (THE) | D5: 72.026031
A6: Mali | B6: General Government Health Expenditure (GGHE) as % of General government expenditure (GGE) | D6: 7.0363372
A7: Mali | B7: External Resources on Health as % of Total Health Expenditure (THE) | D7: 27.243414
A8: Mali | B8: Out of Pocket Expenditure (OOPS) as % of Total Health Expenditure (THE) | D8: 45.990565
A9: Mali | B9: Total Health Expenditure (THE) per Capita in Int$ (Purchasing Power Parity) | D9: 110.11662
A10: Mali | B10: Out of Pocket Expenditure (OOPS) per Capita in US$ | D10: 22.377284
B14: Part des dépenses totales de santé dans le PNB | C14: 0.07
B15: Part des dépenses du gouvernement dans le total des dépenses de santé | C15: 0.28
B16: Part des ressouces extérieures dans le total des dépenses de santé | C16: 0.272
B17: Part des paiements directs des ménages dans le total des dépenses de santé | C17: 0.46
B18: Part des autres paiements privés
B24: http://apps.who.int/nha/database/Select/Indicators/en

Sheet structure financement santé
B1: 2014 | C1: Source | D1: 2023 | E1: Source | G1: check
A2: Pop 2016 | B2: 17300000 | D2: 22680000
A3: Coeff augmentation | D3: =(D2-B2)/B2 -> 0.31098266
A4: Toatl du financement santé par l'Etat | B4: =56.2%*B5 -> 2.4035391e+11 | C4: cns | D4: =14%*1386540000000*2 -> 3.882312e+11 | E4: *
A5: Total des dépenses de santé | B5: 427676000000 | C5: cns | D5: =D19*500*D2 -> 793800000000 | E5: idem
A6: Répartition :
A7: gratuité | B7: ='CRM 2016'!F3 -> 6896659665 | D7: =(B7-'Gratuités 2016'!C7)*1.24 -> 7.2836559e+09 | E7: hors C/S en 2023 | G7: =D7/('Projection AMU'!P9*1000000000) -> 0.0052531069
A8: gratuité en % | B8: =B7/B4 -> 0.028693769 | D8: =D7/D5 -> 0.0091756815
A9: AMU | B9: ='CRM 2016'!B3:E3 -> 1032388000 | D9: ='Ressource - dépenses et gap AMU'!K12+'CRM 2016'!D3*1.24 -> 5.3257351e+10 | E9: inclus C/S en 2023
A10: Part AMU dans le total | B10: =B9/B4 -> 0.0042952827 | D10: =D9/D5 -> 0.067091649
A11: Privé AM | D11: ='Ressource - dépenses et gap AMU'!K9+'Ressource - dépenses et gap AMU'!K7-'CRM 2016'!D3*1.24 -> 2.0102393e+10 | E11: d'après les projections AMU****
A12: Graphique :
B13: 2014 | D13: perspectives 2023
A14: Etat hors AM | B14: 0.47 | D14: =100%-D15-D17-D18-D16 -> 0.5194539 | E14: déduction
A15: Etat AM | B15: 0.05 | D15: =D8+D10 -> 0.07626733 | E15: calc
A16: Ménages OOP | B16: 0.4495 | D16: 0.35 | E16: objectif fixé - ambitieux***
A17: Privé AM | B17: =2585510000/B5 -> 0.0060454877 | D17: =D11/D5 -> 0.025324254 | E17: calc
A18: Autre privé | B18: =3.5%-B17 -> 0.028954512 | D18: =B18 -> 0.028954512 | E18: hypothèse de stabilisation
A19: Dépense / hab en USD | B19: 49.2 | C19: CNS | D19: 70 | E19: chiffre qui donne la meilleure approximation
A20: Rapport Etat AM sur hors Etat | D20: =4.14/(14*2) -> 0.14785714 | E20: Doit être de 4 points sur 28 soit 14,3%**
D21: =D15/D14 -> 0.14682213 | E21: Chiffre déduit
A22: **hypothèse que le secteur santé représente 14% du budget récurrent et que le financement des PTF représente toujours autant que les ressources domestiques;
A23: l'AM compte pour 3,61 points des dépenses et les gratuités 0,53 points soit un total de 4,14 points sur 14; avec les dépenses PTF ça devient 4,14 points contre 28 points soit un rapport de 14,79%.
A24: On ajuste les dépenses par habitant pour obtenir ce ratio.
A25: *** la part OOP peut être plus élevée et alors la dépense totale part habitant s'accroît également - car la part Etat est cadrée
A26: **** soit: les cotisations du secteur informel + la cotisation du secteur formel calculée en enlevant la part de l'Etat employeur extrapolée du revenu AMU du secteur formel

Sheet Hypothèse AMU
A2: Croissance du PNB | B2: 0.048 | C2: *
A3: Accroissement de la population | B3: 0.036
A4: ='Population & évolution coût AMU'!B3 -> évolution secteur formel / an | B4: 0
A5: ='Population & évolution coût AMU'!B4 -> évolution extrême pauvreté | B5: 0
A6: Inflation | B6: 0.03
A7: Hausse annuel supplémentaire du coût de la santé | B7: 0.03
A8: % secteur informel non pauvre | B8: =100%-B12-B10 -> 0.78
A9: Contribution annuelle du secteur formel | B9: =B11 -> 6600
A10: % secteur formel | B10: 0.17
A11: Coût du paquet de soins (FCFA) | B11: =6600 -> 6600
A12: % indigent | B12: 0.05
A13: Subvention secteur informel non pauvre | B13: 0.8
A14: Contribution annuelle du secteur informel non pauvre | B14: =B9*(1-B13) -> 1320
A15: % de la population formelle couverte en 2023 | B15: ='Population & évolution coût AMU'!R18 -> 0.59304958 | C15: en utilisant les projections de la programmation budgétaire, soit 200.000 de plus par année
A16: % de la population indigente couverte en 2023 | B16: 1
A17: % de la population informelle non pauvre couverte en 2023 | B17: 0.21
A18: Total % de la population couverte en 2029 | B18: ='Projection AMU'!AB7 -> 0.31461843
A19: % du PIB que représente la subvention en 2029 | B19: ='Ressource - dépenses et gap AMU'!Q14 -> 0.0083862605
A21: *taux de croissance prévu dans la programmation budgétaire pour 2018-2020. Comme on tient compte de l'inflation et d'une hausse supplémentaire des coûts santé on ne prend pas en compte le déflateur

Sheet Population & évolution coût AMU
B2: accroissement pop | C2: ='Hypothèse AMU'!B3 -> 0.036
B3: évolution secteur formel / an | C3: ='Hypothèse AMU'!B4 -> 0
B4: évolution extrême pauvreté | C4: ='Hypothèse AMU'!B5 -> 0
B6: HYPOTHESE % CIBLES | D6: 2016 | F6: 2017 | H6: 2018 | J6: 2019 | L6: 2020 | N6: 2021 | P6: 2022 | R6: 2023 | T6: 2024 | V6: 2025 | X6: 2026 | Z6: 2027 | AB6: 2028 | AD6: 2029
B7: Total population | E7: 18343000 | G7: =E7*(1+$C$2) -> 19003348 | I7: =G7*(1+$C$2) -> 19687469 | K7: =I7*(1+$C$2) -> 20396217 | M7: =K7*(1+$C$2) -> 21130481 | O7: =M7*(1+$C$2) -> 21891179 | Q7: =O7*(1+$C$2) -> 22679261 | S7: =Q7*(1+$C$2) -> 23495714 | U7: =S7*(1+$C$2) -> 24341560 | W7: =U7*(1+$C$2) -> 25217856 | Y7: =W7*(1+$C$2) -> 26125699 | AA7: =Y7*(1+$C$2) -> 27066224 | AC7: =AA7*(1+$C$2) -> 28040608 | AE7: =AC7*(1+$C$2) -> 29050070
B8: secteur formel | D8: ='Hypothèse AMU'!B10 -> 0.17 | E8: =D8*$E$7 -> 3118310 | F8: =D8*(1+$C$3) -> 0.17 | G8: =G$7*F8 -> 3230569.2 | H8: =F8*(1+$C$3) -> 0.17 | I8: =I$7*H8 -> 3346869.6 | J8: =H8*(1+$C$3) -> 0.17 | K8: =K$7*J8 -> 3467357 | L8: =J8*(1+$C$3) -> 0.17 | M8: =M$7*L8 -> 3592181.8 | N8: =L8*(1+$C$3) -> 0.17 | O8: =O$7*N8 -> 3721500.4 | P8: =N8*(1+$C$3) -> 0.17 | Q8: =Q$7*P8 -> 3855474.4 | R8: =P8*(1+$C$3) -> 0.17 | S8: =S$7*R8 -> 3994271.4 | T8: =R8*(1+$C$3) -> 0.17 | U8: =U$7*T8 -> 4138065.2 | V8: =T8*(1+$C$3) -> 0.17 | W8: =W$7*V8 -> 4287035.6 | X8: =V8*(1+$C$3) -> 0.17 | Y8: =Y$7*X8 -> 4441368.8 | Z8: =X8*(1+$C$3) -> 0.17 | AA8: =AA$7*Z8 -> 4601258.1 | AB8: =Z8*(1+$C$3) -> 0.17 | AC8: =AC$7*AB8 -> 4766903.4 | AD8: =AB8*(1+$C$3) -> 0.17 | AE8: =AE$7*AD8 -> 4938511.9
B9: secteur informel | C9: pauvre | D9: ='Hypothèse AMU'!B12 -> 0.05 | E9: =D9*$E$7 -> 917150 | F9: =D9*(1+$C$4) -> 0.05 | G9: =G$7*F9 -> 950167.4 | H9: =F9*(1+$C$4) -> 0.05 | I9: =I$7*H9 -> 984373.43 | J9: =H9*(1+$C$4) -> 0.05 | K9: =K$7*J9 -> 1019810.9 | L9: =J9*(1+$C$4) -> 0.05 | M9: =M$7*L9 -> 1056524.1 | N9: =L9*(1+$C$4) -> 0.05 | O9: =O$7*N9 -> 1094558.9 | P9: =N9*(1+$C$4) -> 0.05 | Q9: =Q$7*P9 -> 1133963 | R9: =P9*(1+$C$4) -> 0.05 | S9: =S$7*R9 -> 1174785.7 | T9: =R9*(1+$C$4) -> 0.05 | U9: =U$7*T9 -> 1217078 | V9: =T9*(1+$C$4) -> 0.05 | W9: =W$7*V9 -> 1260892.8 | X9: =V9*(1+$C$4) -> 0.05 | Y9: =Y$7*X9 -> 1306285 | Z9: =X9*(1+$C$4) -> 0.05 | AA9: =AA$7*Z9 -> 1353311.2 | AB9: =Z9*(1+$C$4) -> 0.05 | AC9: =AC$7*AB9 -> 1402030.4 | AD9: =AB9*(1+$C$4) -> 0.05 | AE9: =AE$7*AD9 -> 1452503.5
C10: non pauvre | D10: ='Hypothèse AMU'!B8 -> 0.78 | E10: =D10*$E$7 -> 14307540 | F10: =100%-F8-F9 -> 0.78 | G10: =G$7*F10 -> 14822611 | H10: =100%-H8-H9 -> 0.78 | I10: =I$7*H10 -> 15356225 | J10: =100%-J8-J9 -> 0.78 | K10: =K$7*J10 -> 15909050 | L10: =100%-L8-L9 -> 0.78 | M10: =M$7*L10 -> 16481775 | N10: =100%-N8-N9 -> 0.78 | O10: =O$7*N10 -> 17075119 | P10: =100%-P8-P9 -> 0.78 | Q10: =Q$7*P10 -> 17689824 | R10: =100%-R8-R9 -> 0.78 | S10: =S$7*R10 -> 18326657 | T10: =100%-T8-T9 -> 0.78 | U10: =U$7*T10 -> 18986417 | V10: =100%-V8-V9 -> 0.78 | W10: =W$7*V10 -> 19669928 | X10: =100%-X8-X9 -> 0.78 | Y10: =Y$7*X10 -> 20378045 | Z10: =100%-Z8-Z9 -> 0.78 | AA10: =AA$7*Z10 -> 21111655 | AB10: =100%-AB8-AB9 -> 0.78 | AC10: =AC$7*AB10 -> 21871674 | AD10: =100%-AD8-AD9 -> 0.78 | AE10: =AE$7*AD10 -> 22659055
B12: HYPOTHESE EVOLUTION DES COUTS
B13: Inflation | G13: ='Hypothèse AMU'!B6 -> 0.03 | I13: =G13 -> 0.03 | K13: =I13 -> 0.03 | M13: =K13 -> 0.03 | O13: =M13 -> 0.03 | Q13: =O13 -> 0.03 | S13: =Q13 -> 0.03 | U13: =S13 -> 0.03 | W13: =U13 -> 0.03 | Y13: =W13 -> 0.03 | AA13: =Y13 -> 0.03 | AC13: =AA13 -> 0.03 | AE13: =AC13 -> 0.03
B14: Hausse supplémentaire du coût de la santé | G14: ='Hypothèse AMU'!B7 -> 0.03 | I14: =G14 -> 0.03 | K14: =I14 -> 0.03 | M14: =K14 -> 0.03 | O14: =M14 -> 0.03 | Q14: =O14 -> 0.03 | S14: =Q14 -> 0.03 | U14: =S14 -> 0.03 | W14: =U14 -> 0.03 | Y14: =W14 -> 0.03 | AA14: =Y14 -> 0.03 | AC14: =AA14 -> 0.03 | AE14: =AC14 -> 0.03
B15: Coût des soins pcpa | C15: FCFA | E15: ='Hypothèse AMU'!B11 -> 6600 | G15: =E15*(1+G13+G14) -> 6996 | I15: =G15*(1+I13+I14) -> 7415.76 | K15: =I15*(1+K13+K14) -> 7860.7056 | M15: =K15*(1+M13+M14) -> 8332.3479 | O15: =M15*(1+O13+O14) -> 8832.2888 | Q15: =O15*(1+Q13+Q14) -> 9362.2261 | S15: =Q15*(1+S13+S14) -> 9923.9597 | U15: =S15*(1+U13+U14) -> 10519.397 | W15: =U15*(1+W13+W14) -> 11150.561 | Y15: =W15*(1+Y13+Y14) -> 11819.595 | AA15: =Y15*(1+AA13+AA14) -> 12528.77 | AC15: =AA15*(1+AC13+AC14) -> 13280.497 | AE15: =AC15*(1+AE13+AE14) -> 14077.327
B17: HYPOTHESES DE COUVERTURE
B18: HYPOTHESE 1 - croissance différenciée | C18: SF | D18: =E18/E8 -> 0.36668484 | E18: ='assurés 2016'!B6 -> 1143437 | F18: =G18/G8 -> 0.36179414 | G18: 1168801 | H18: =I18/I8 -> 0.40897948 | I18: 1368801 | J18: =K18/K8 -> 0.45244866 | K18: 1568801 | L18: =M18/M8 -> 0.49240297 | M18: 1768801 | N18: =O18/O8 -> 0.52903421 | O18: =M18+200000 -> 1968801 | P18: =Q18/Q8 -> 0.56252507 | Q18: =O18+200000 -> 2168801 | R18: =S18/S8 -> 0.59304958 | S18: =Q18+200000 -> 2368801 | T18: ='Projection AMU'!R3 -> 0.59304958 | U18: =T18*U8 -> 2454077.8 | V18: ='Projection AMU'!T3 -> 0.59304958 | W18: =V18*W8 -> 2542424.6 | X18: ='Projection AMU'!V3 -> 0.59304958 | Y18: =X18*Y8 -> 2633951.9 | Z18: ='Projection AMU'!X3 -> 0.59304958 | AA18: =Z18*AA8 -> 2728774.2 | AB18: ='Projection AMU'!Z3 -> 0.59304958 | AC18: =AB18*AC8 -> 2827010.1 | AD18: ='Projection AMU'!AB3 -> 0.59304958 | AE18: =AD18*AE8 -> 2928782.4
C19: SI pauvre | D19: =E19/E9 -> 0.14705882 | E19: ='assurés 2016'!B4 -> 134875 | F19: =(R19-D19)/7+D19 -> 0.26890756 | G19: =F19*G9 -> 255507.2 | H19: =(R19-F19)/6+F19 -> 0.3907563 | I19: =H19*I9 -> 384650.12 | J19: =(R19-H19)/5+H19 -> 0.51260504 | K19: =J19*K9 -> 522760.19 | L19: =(R19-J19)/4+J19 -> 0.63445378 | M19: =L19*M9 -> 670315.69 | N19: =(R19-L19)/3+L19 -> 0.75630252 | O19: =N19*O9 -> 827817.68 | P19: =(R19-N19)/2+N19 -> 0.87815126 | Q19: =P19*Q9 -> 995791.08 | R19: ='Hypothèse AMU'!B16 -> 1 | S19: =R19*S9 -> 1174785.7 | T19: ='Projection AMU'!R4 -> 1 | U19: =T19*U9 -> 1217078 | V19: ='Projection AMU'!T4 -> 1 | W19: =V19*W9 -> 1260892.8 | X19: ='Projection AMU'!V4 -> 1 | Y19: =X19*Y9 -> 1306285 | Z19: ='Projection AMU'!X4 -> 1 | AA19: =Z19*AA9 -> 1353311.2 | AB19: ='Projection AMU'!Z4 -> 1 | AC19: =AB19*AC9 -> 1402030.4 | AD19: ='Projection AMU'!AB4 -> 1 | AE19: =AD19*AE9 -> 1452503.5
C20: SI non pauvre | D20: =E20/E10 -> 0.063461538 | E20: ='assurés 2016'!B5 -> 907978.5 | F20: =(R20-D20)/7+D20 -> 0.084395604 | G20: =F20*G10 -> 1250963.3 | H20: =(R20-F20)/6+F20 -> 0.10532967 | I20: =H20*I10 -> 1617466.2 | J20: =(R20-H20)/5+H20 -> 0.12626374 | K20: =J20*K10 -> 2008736 | L20: =(R20-J20)/4+J20 -> 0.1471978 | M20: =L20*M10 -> 2426081.1 | N20: =(R20-L20)/3+L20 -> 0.16813187 | O20: =N20*O10 -> 2870871.7 | P20: =(R20-N20)/2+N20 -> 0.18906593 | Q20: =P20*Q10 -> 3344543 | R20: ='Hypothèse AMU'!B17 -> 0.21 | S20: =R20*S10 -> 3848598 | T20: ='Projection AMU'!R5 -> 0.22283077 | U20: =T20*U10 -> 4230757.9 | V20: ='Projection AMU'!T5 -> 0.23566154 | W20: =V20*W10 -> 4635445.5 | X20: ='Projection AMU'!V5 -> 0.24849231 | Y20: =X20*Y10 -> 5063787.5 | Z20: ='Projection AMU'!X5 -> 0.26132308 | AA20: =Z20*AA10 -> 5516962.6 | AB20: ='Projection AMU'!Z5 -> 0.27415385 | AC20: =AB20*AC10 -> 5996203.7 | AD20: ='Projection AMU'!AB5 -> 0.21 | AE20: =AD20*AE10 -> 4758401.5
B21: Total couverture | D21: =E21/E7 -> 0.11918936 | E21: =SUM(E18:E20) -> 2186290.5 | F21: =G21/G7 -> 0.14077895 | G21: =SUM(G18:G20) -> 2675271.5 | H21: =I21/I7 -> 0.17122147 | I21: =SUM(I18:I20) -> 3370917.3 | J21: =K21/K7 -> 0.20103224 | K21: =SUM(K18:K20) -> 4100297.2 | L21: =M21/M7 -> 0.23024548 | M21: =SUM(M18:M20) -> 4865197.8 | N21: =O21/O7 -> 0.2588938 | O21: =SUM(O18:O20) -> 5667490.4 | P21: =Q21/Q7 -> 0.28700825 | Q21: =SUM(Q18:Q20) -> 6509135.1 | R21: =S21/S7 -> 0.31461843 | S21: =SUM(S18:S20) -> 7392184.7 | T21: =U21/U7 -> 0.32462643 | U21: =SUM(U18:U20) -> 7901913.7 | V21: =W21/W7 -> 0.33463443 | W21: =SUM(W18:W20) -> 8438762.9 | X21: =Y21/Y7 -> 0.34464243 | Y21: =SUM(Y18:Y20) -> 9004024.4 | Z21: =AA21/AA7 -> 0.35465043 | AA21: =SUM(AA18:AA20) -> 9599048 | AB21: =AC21/AC7 -> 0.36465843 | AC21: =SUM(AC18:AC20) -> 10225244 | AD21: =AE21/AE7 -> 0.31461843 | AE21: =SUM(AE18:AE20) -> 9139687.4

Sheet Ressource - dépenses et gap AMU
G1: par mois | H1: 12
B2: Hypothèses | C2: cotisation par personne | I2: CFA | J2: la première année
G3: =1-'Hypothèse AMU'!B13 -> 0.2 | I3: CFA | J3: par la suite
C4: moyenne de la cotisation des individus du secteur formel | H4: ='Hypothèse AMU'!B9 -> 6600 | I4: CFA
D6: 2016 | E6: 2017 | F6: 2018 | G6: 2019 | H6: 2020 | I6: 2021 | J6: 2022 | K6: 2023 | L6: 2024 | M6: 2025 | N6: 2026 | O6: 2027 | P6: 2028 | Q6: 2029
B7: Perçu | C7: SF | D7: =$H$4*'Population & évolution coût AMU'!E18 -> 7546684200 | E7: =$H$4*'Population & évolution coût AMU'!G18 -> 7714086600 | F7: =$H$4*'Population & évolution coût AMU'!I18 -> 9034086600 | G7: =$H$4*'Population & évolution coût AMU'!K18 -> 10354086600 | H7: =$H$4*'Population & évolution coût AMU'!M18 -> 11674086600 | I7: =$H$4*'Population & évolution coût AMU'!O18 -> 12994086600 | J7: =$H$4*'Population & évolution coût AMU'!Q18 -> 14314086600 | K7: =$H$4*'Population & évolution coût AMU'!S18 -> 15634086600 | L7: =$H$4*'Population & évolution coût AMU'!U18 -> 1.6196914e+10 | M7: =$H$4*'Population & évolution coût AMU'!W18 -> 1.6780003e+10 | N7: =$H$4*'Population & évolution coût AMU'!Y18 -> 1.7384083e+10 | O7: =$H$4*'Population & évolution coût AMU'!AA18 -> 1.800991e+10 | P7: =$H$4*'Population & évolution coût AMU'!AC18 -> 1.8658266e+10 | Q7: =$H$4*'Population & évolution coût AMU'!AE18 -> 1.9329964e+10
D8: =$G$3*'Population & évolution coût AMU'!E15 -> 1320 | E8: =$G$3*'Population & évolution coût AMU'!G15 -> 1399.2 | F8: =$G$3*'Population & évolution coût AMU'!I15 -> 1483.152 | G8: =$G$3*'Population & évolution coût AMU'!K15 -> 1572.1411 | H8: =$G$3*'Population & évolution coût AMU'!M15 -> 1666.4696 | I8: =$G$3*'Population & évolution coût AMU'!O15 -> 1766.4578 | J8: =$G$3*'Population & évolution coût AMU'!Q15 -> 1872.4452 | K8: =$G$3*'Population & évolution coût AMU'!S15 -> 1984.7919 | L8: =$G$3*'Population & évolution coût AMU'!U15 -> 2103.8795 | M8: =$G$3*'Population & évolution coût AMU'!W15 -> 2230.1122 | N8: =$G$3*'Population & évolution coût AMU'!Y15 -> 2363.919 | O8: =$G$3*'Population & évolution coût AMU'!AA15 -> 2505.7541 | P8: =$G$3*'Population & évolution coût AMU'!AC15 -> 2656.0993 | Q8: =$G$3*'Population & évolution coût AMU'!AE15 -> 2815.4653
C9: SI | D9: =D8*'Population & évolution coût AMU'!E20 -> 1.1985316e+09 | E9: =E8*'Population & évolution coût AMU'!G20 -> 1.7503478e+09 | F9: =F8*'Population & évolution coût AMU'!I20 -> 2.3989482e+09 | G9: =G8*'Population & évolution coût AMU'!K20 -> 3.1580165e+09 | H9: =H8*'Population & évolution coût AMU'!M20 -> 4.0429904e+09 | I9: =I8*'Population & évolution coût AMU'!O20 -> 5.0712736e+09 | J9: =J8*'Population & évolution coût AMU'!Q20 -> 6.2624736e+09 | K9: =K8*'Population & évolution coût AMU'!S20 -> 7.6386663e+09 | L9: =L8*'Population & évolution coût AMU'!U20 -> 8.9010046e+09 | M9: =M8*'Population & évolution coût AMU'!W20 -> 1.0337564e+10 | N9: =N8*'Population & évolution coût AMU'!Y20 -> 1.1970383e+10 | O9: =O8*'Population & évolution coût AMU'!Y20 -> 1.2688606e+10 | P9: =P8*'Population & évolution coût AMU'!AA20 -> 1.4653601e+10 | Q9: =Q8*'Population & évolution coût AMU'!AA20 -> 1.5532817e+10
C10: Total | D10: =D7+D9 -> 8745215820 | E10: =E7+E9 -> 9.4644344e+09 | F10: =F7+F9 -> 1.1433035e+10 | G10: =G7+G9 -> 1.3512103e+10 | H10: =H7+H9 -> 1.5717077e+10 | I10: =I7+I9 -> 1.806536e+10 | J10: =J7+J9 -> 2.057656e+10 | K10: =K7+K9 -> 2.3272753e+10 | ... Q10: =Q7+Q9 -> 3.4862781e+10
B11: A payer | D11: ='Population & évolution coût AMU'!E21*'Population & évolution coût AMU'!E15 -> 14429517300 | E11: ='Population & évolution coût AMU'!G21*'Population & évolution coût AMU'!G15 -> 1.8716199e+10 | F11: ='Population & évolution coût AMU'!I21*'Population & évolution coût AMU'!I15 -> 2.4997914e+10 | G11: ='Population & évolution coût AMU'!K21*'Population & évolution coût AMU'!K15 -> 3.2231229e+10 | H11: ='Population & évolution coût AMU'!M21*'Population & évolution coût AMU'!M15 -> 4.0538521e+10 | I11: ='Population & évolution coût AMU'!O21*'Population & évolution coût AMU'!O15 -> 5.0056912e+10 | J11: ='Population & évolution coût AMU'!Q21*'Population & évolution coût AMU'!Q15 -> 6.0939995e+10 | K11: ='Population & évolution coût AMU'!S21*'Population & évolution coût AMU'!S15 -> 7.3359743e+10 | L11: ='Population & évolution coût AMU'!U21*'Population & évolution coût AMU'!U15 -> 8.312337e+10 | M11: ='Population & évolution coût AMU'!W21*'Population & évolution coût AMU'!W15 -> 9.4096942e+10 | N11: ='Population & évolution coût AMU'!Y21*'Population & évolution coût AMU'!Y15 -> 1.0642392e+11 | O11: ='Population & évolution coût AMU'!AA21*'Population & évolution coût AMU'!AA15 -> 1.2026427e+11 | P11: ='Population & évolution coût AMU'!AC21*'Population & évolution coût AMU'!AC15 -> 1.3579632e+11 | Q11: ='Population & évolution coût AMU'!AE21*'Population & évolution coût AMU'!AE15 -> 1.2866236e+11
B12: Gap | C12: CFA | D12: =D11-D10 -> 5684301480 | E12: =E11-E10 -> 9.2517647e+09 | F12: =F11-F10 -> 1.3564879e+10 | G12: =G11-G10 -> 1.8719126e+10 | H12: =H11-H10 -> 2.4821444e+10 | I12: =I11-I10 -> 3.1991552e+10 | J12: =J11-J10 -> 4.0363435e+10 | K12: =K11-K10 -> 5.0086991e+10 | ... Q12: =Q11-Q10 -> 9.3799583e+10
B13: PIB | C13: milliards FCFA | E13: 8868 | F13: 9445 | G13: 9965 | H13: 10528 | I13: =H13*(1+H18) -> 11184.912 | J13: =I13*(1+I18) -> 11184.912 | K13: =J13*(1+J18) -> 11184.912 | L13: =K13*(1+K18) -> 11184.912 | M13: =L13*(1+L18) -> 11184.912 | N13: =M13*(1+M18) -> 11184.912 | O13: =N13*(1+N18) -> 11184.912 | P13: =O13*(1+O18) -> 11184.912 | Q13: =P13*(1+P18) -> 11184.912
B14: Gap / PIB | E14: =E12/(E13*1000000000) -> 0.0010432752 | F14: =F12/(F13*1000000000) -> 0.0014361968 | G14: =G12/(G13*1000000000) -> 0.0018784873 | H14: =H12/(H13*1000000000) -> 0.0023576599 | I14: =I12/(I13*1000000000) -> 0.0028602418 | J14: =J12/(J13*1000000000) -> 0.0036087397 | K14: =K12/(K13*1000000000) -> 0.0044780854 | L14: =L12/(L13*1000000000) -> 0.0051878327 | ... Q14: =Q12/(Q13*1000000000) -> 0.0083862605
E17: PIB 2017-2020 d'après programmation budgétaire
E18: Evolution moyenne du PIB entre 2017 et 2010 de : | H18: =(H13-E13)/E13/3 -> 0.062396632
E19: Extrapolé au-delà de 2020

Sheet Projection AMU
B2: 2016 | D2: 2017 | F2: 2018 | H2: 2019 | J2: 2020 | L2: 2021 | N2: 2022 | P2: 2023 | R2: 2024 | T2: 2025 | V2: 2026 | X2: 2027 | Z2: 2028 | AB2: 2029
A3: Secteur formel | B3: 0.3435 | C3: ='Population & évolution coût AMU'!E18 -> 1143437 | D3: ='Population & évolution coût AMU'!F18 -> 0.36179414 | E3: ='Population & évolution coût AMU'!G18 -> 1168801 | F3: ='Population & évolution coût AMU'!H18 -> 0.40897948 | G3: ='Population & évolution coût AMU'!I18 -> 1368801 | H3: ='Population & évolution coût AMU'!J18 -> 0.45244866 | I3: ='Population & évolution coût AMU'!K18 -> 1568801 | J3: ='Population & évolution coût AMU'!L18 -> 0.49240297 | ... Q3: ='Population & évolution coût AMU'!S18 -> 2368801 | R3: =T3 -> 0.59304958 | S3: ='Population & évolution coût AMU'!U18 -> 2454077.8 | T3: =V3 -> 0.59304958 | U3: ='Population & évolution coût AMU'!W18 -> 2542424.6 | V3: =X3 -> 0.59304958 | W3: ='Population & évolution coût AMU'!Y18 -> 2633951.9 | X3: =Z3 -> 0.59304958 | Y3: ='Population & évolution coût AMU'!AA18 -> 2728774.2 | Z3: =AB3 -> 0.59304958 | AA3: ='Population & évolution coût AMU'!AC18 -> 2827010.1 | AB3: ='Hypothèse AMU'!B15 -> 0.59304958 | AC3: ='Population & évolution coût AMU'!AE18 -> 2928782.4 | AD3: ='Population & évolution coût AMU'!R18 -> 0.59304958
A4: Secteur informel pauvre | B4: 0.14 | C4: ='Population & évolution coût AMU'!E19 -> 134875 | D4: ='Population & évolution coût AMU'!F19 -> 0.26890756 | E4: ='Population & évolution coût AMU'!G19 -> 255507.2 | F4: ='Population & évolution coût AMU'!H19 -> 0.3907563 | G4: ='Population & évolution coût AMU'!I19 -> 384650.12 | H4: ='Population & évolution coût AMU'!J19 -> 0.51260504 | I4: ='Population & évolution coût AMU'!K19 -> 522760.19 | J4: ='Population & évolution coût AMU'!L19 -> 0.63445378 | ... Q4: ='Population & évolution coût AMU'!S19 -> 1174785.7 | R4: =P4 -> 1 | S4: ='Population & évolution coût AMU'!U19 -> 1217078 | T4: =R4 -> 1 | U4: ='Population & évolution coût AMU'!W19 -> 1260892.8 | V4: =T4 -> 1 | W4: ='Population & évolution coût AMU'!Y19 -> 1306285 | X4: =V4 -> 1 | Y4: ='Population & évolution coût AMU'!AA19 -> 1353311.2 | Z4: =X4 -> 1 | AA4: ='Population & évolution coût AMU'!AC19 -> 1402030.4 | AB4: ='Hypothèse AMU'!B16 -> 1 | AC4: ='Population & évolution coût AMU'!AE19 -> 1452503.5 | AD4: ='Population & évolution coût AMU'!R19 -> 1
A5: Secteur informel non pauvre | B5: 0.0432 | C5: ='Population & évolution coût AMU'!E20 -> 907978.5 | D5: ='Population & évolution coût AMU'!F20 -> 0.084395604 | E5: ='Population & évolution coût AMU'!G20 -> 1250963.3 | F5: ='Population & évolution coût AMU'!H20 -> 0.10532967 | G5: ='Population & évolution coût AMU'!I20 -> 1617466.2 | H5: ='Population & évolution coût AMU'!J20 -> 0.12626374 | I5: ='Population & évolution coût AMU'!K20 -> 2008736 | J5: ='Population & évolution coût AMU'!L20 -> 0.1471978 | ... Q5: ='Population & évolution coût AMU'!S20 -> 3848598 | R5: =($AB$5-$B$5)/13+P5 -> 0.22283077 | S5: ='Population & évolution coût AMU'!U20 -> 4230757.9 | T5: =($AB$5-$B$5)/13+R5 -> 0.23566154 | U5: ='Population & évolution coût AMU'!W20 -> 4635445.5 | V5: =($AB$5-$B$5)/13+T5 -> 0.24849231 | W5: ='Population & évolution coût AMU'!Y20 -> 5063787.5 | X5: =($AB$5-$B$5)/13+V5 -> 0.26132308 | Y5: ='Population & évolution coût AMU'!AA20 -> 5516962.6 | Z5: =($AB$5-$B$5)/13+X5 -> 0.27415385 | AA5: ='Population & évolution coût AMU'!AC20 -> 5996203.7 | AB5: ='Hypothèse AMU'!B17 -> 0.21 | AC5: ='Population & évolution coût AMU'!AE20 -> 4758401.5 | AD5: ='Population & évolution coût AMU'!R20 -> 0.21
B6: =B2 -> 2016 | P6: =P2 -> 2023 | R6: =R2 -> 2024 | T6: =T2 -> 2025 | V6: =V2 -> 2026 | X6: =X2 -> 2027 | Z6: =Z2 -> 2028 | AB6: =AB2 -> 2029
A7: % de la population malienne couverte par l'AMU | B7: ='Population & évolution coût AMU'!D21 -> 0.11918936 | C7: ='Population & évolution coût AMU'!E21 -> 2186290.5 | D7: ='Population & évolution coût AMU'!F21 -> 0.14077895 | E7: ='Population & évolution coût AMU'!G21 -> 2675271.5 | F7: ='Population & évolution coût AMU'!H21 -> 0.17122147 | G7: ='Population & évolution coût AMU'!I21 -> 3370917.3 | H7: ='Population & évolution coût AMU'!J21 -> 0.20103224 | I7: ='Population & évolution coût AMU'!K21 -> 4100297.2 | ... AC7: ='Population & évolution coût AMU'!AE21 -> 9139687.4 | AD7: ='Population & évolution coût AMU'!R21 -> 0.31461843
A8: Subvention de l'Etat au secteur informel en milliards de FCFA | B8: ='Ressource - dépenses et gap AMU'!D12/1000000000 -> 5.6843015 | C8: ='Ressource - dépenses et gap AMU'!E12/1000000000 -> 9.2517647 | D8: ='Ressource - dépenses et gap AMU'!E12/1000000000 -> 9.2517647 | E8: ='Ressource - dépenses et gap AMU'!G12/1000000000 -> 18.719126 | F8: ='Ressource - dépenses et gap AMU'!F12/1000000000 -> 13.564879 | G8: ='Ressource - dépenses et gap AMU'!I12/1000000000 -> 31.991552 | H8: ='Ressource - dépenses et gap AMU'!G12/1000000000 -> 18.719126 | I8: ='Ressource - dépenses et gap AMU'!K12/1000000000 -> 50.086991 | J8: ='Ressource - dépenses et gap AMU'!H12/1000000000 -> 24.821444 | K8: ='Ressource - dépenses et gap AMU'!M12/1000000000 -> 66.979376 | L8: ='Ressource - dépenses et gap AMU'!I12/1000000000 -> 31.991552 | M8: ='Ressource - dépenses et gap AMU'!O12/1000000000 -> 89.565754 | N8: ='Ressource - dépenses et gap AMU'!J12/1000000000 -> 40.363435 | O8: ='Ressource - dépenses et gap AMU'!Q12/1000000000 -> 93.799583 | P8: ='Ressource - dépenses et gap AMU'!K12/1000000000 -> 50.086991 | Q8: ='Ressource - dépenses et gap AMU'!S12/1000000000 -> 0 | R8: ='Ressource - dépenses et gap AMU'!L12/1000000000 -> 58.025451 | T8: ='Ressource - dépenses et gap AMU'!M12/1000000000 -> 66.979376 | V8: ='Ressource - dépenses et gap AMU'!N12/1000000000 -> 77.069454 | X8: ='Ressource - dépenses et gap AMU'!O12/1000000000 -> 89.565754 | Z8: ='Ressource - dépenses et gap AMU'!P12/1000000000 -> 102.48445 | AB8: ='Ressource - dépenses et gap AMU'!Q12/1000000000 -> 93.799583
A9: Dépenses courantes (programmation budgétaire 2018-2020 extrapolée) | D9: 1150.8 | F9: 1209.6 | H9: 1224.3 | J9: =H9*1.0316 -> 1262.9879 | K9: =I9*1.0316 -> 0 | L9: =J9*1.0316 -> 1302.8983 | M9: =K9*1.0316 -> 0 | N9: =L9*1.0316 -> 1344.0699 | O9: =M9*1.0316 -> 0 | P9: =N9*1.0316 -> 1386.5425 | Q9: =O9*1.06 -> 0 | R9: =P9*1.06 -> 1469.735 | S9: =Q9*1.06 -> 0 | T9: =R9*1.06 -> 1557.9191 | U9: =S9*1.06 -> 0
A10: Subvention de l'Etat à l'AMU pour le secteur informel en % des dépenses courantes du budget | D10: =D8/D9 -> 0.0080394201 | E10: =E8/E9 -> #DIV/0! | F10: =F8/F9 -> 0.011214351 | G10: =G8/G9 -> #DIV/0! | H10: =H8/H9 -> 0.015289656 | I10: =I8/I9 -> #DIV/0! | J10: =J8/J9 -> 0.019652955 | K10: =K8/K9 -> #DIV/0! | ... Q10: =Q8/Q9 -> #DIV/0! | AD10: =(H9-F9)/F9 -> 0.012152778
AD11: =(F9-D9)/D9 -> 0.051094891
AD12: =AVERAGE(AD10:AD11) -> 0.031623834
C23: x
C24: x
C25: x
C28: x
C29: résultat
C30: =C29 -> résultat
C33: =C30 -> résultat
C34: =C33 -> résultat
C35: =C34 -> résultat
